AoeStats
← LM | TornardoBriese

Arabian Desert

510360086Analyzed
1v1 RM · 17h ago on Sep 30, 2026· 55m 30s· 2 players
Game mode
Random Map
Map size
Tiny (2 player)
Population
200
Speed
Normal
Resources
Standard
Victory
Conquest
Starting age
Dark Age
Ending age
Imperial Age
RankedLock teamsTeams togetherTeam positionsShared explorationLock speedFull tech treeHidden civsTurbo modeCheats
Victory
Defeat
🇫🇷 Italians · France
1191
+16
🇨🇭 Romans · Switzerland
1196
-16
Gal2
3:40 Loom
9:43 Feudal Age
13:06 Fletching
13:10 Double-Bit Axe
13:54 Town Watch
14:04 Horse Collar
16:28 Wheelbarrow
19:05 Gold Mining
19:14 Gold Mining
22:49 Castle Age
21:18 Padded Archer Armor
22:51 Crossbowman
23:29 Bodkin Arrow
23:45 Thumb Ring
25:36 Ballistics
26:45 Heavy Plow
30:03 Stone Mining
30:56 Bow Saw
32:24 Sanctity
32:15 Fervor
33:02 Scale Barding Armor
33:07 Forging
34:18 Hand Cart
36:00 Bloodlines
36:07 Leather Archer Armor
39:57 Imperial Age
39:31 Stone Shaft Mining
39:23 Chain Barding Armor
39:38 Iron Casting
39:18 Husbandry
40:01 Cavalier
40:44 Bracer
41:22 Plate Barding Armor
41:55 Chemistry
40:36 Treadmill Crane
40:52 Arbalester
42:16 Ring Archer Armor
43:42 Town Patrol
47:05 Conscription
48:18 Murder Holes
48:33 Masonry
49:18 Iron Casting
48:44 Scale Mail Armor
50:57 Hoardings
49:55 Light Cavalry
51:57 Architecture
52:03 Block Printing
52:18 Illumination
53:23 Elite Skirmisher
53:26 Hussar
56:23 Crop Rotation
LM | TornardoBriese
7:08 Loom
9:20 Feudal Age
10:22 Man-at-Arms
14:14 Double-Bit Axe
16:54 Scale Mail Armor
18:50 Wheelbarrow
21:36 Castle Age
20:29 Horse Collar
20:42 Gold Mining
21:54 Forging
22:31 Bow Saw
21:49 Long Swordsman
22:47 Chain Mail Armor
24:29 Heavy Plow
27:10 Squires
30:29 Stone Mining
33:40 Ballistics
37:45 Imperial Age
36:20 Iron Casting
37:05 Fletching
37:43 Bodkin Arrow
38:30 Town Watch
38:16 Capped Ram
40:40 Conscription
41:16 Hand Cart
41:08 Legionary
41:51 Pikeman
43:49 Chemistry
43:02 Masonry
46:03 Crop Rotation
46:42 Scale Barding Armor
46:32 Halberdier
46:34 Elite Skirmisher
47:21 Padded Archer Armor
48:39 Chain Barding Armor
48:02 Heavy Scorpion
55:15 Leather Archer Armor
Connection lost

Rejoining the realm…

Still unreachable

The connection could not be restored.

Session expired

The server has moved on; the page needs a fresh start.